 Dungeon Crawl Stone Soup version 0.22-a0-439-gac93bac (webtiles) character file.

263 iamserjio the Chopper (level 6, 0/32 HPs)
             Began as a Vine Stalker Fighter on May 29, 2018.
             Succumbed to pyroka's ghost's sting
             ... on level 4 of the Dungeon.
             The game lasted 00:08:17 (3713 turns).

iamserjio the Chopper (Vine Stalker Fighter)        Turns: 3713, Time: 00:08:17

Health: 0/32       AC:  9    Str: 19      XL:     6   Next: 19%
Magic:  1/7        EV:  7    Int:  7 (8)  God:
Gold:   44         SH:  9    Dex: 12 (15) Spells: 5/5 levels left

rFire    . . .     SeeInvis .   a - +0 war axe
rCold    . . .     Gourm    .   c - +0 shield
rNeg     . . .     Faith    .   b - +0 scale mail
rPois    .         Spirit   +   (no helmet)
rElec    .         Reflect  .   s - +1 cloak
rCorr    .         Harm     .   (no gloves)
MR       .....                  (no boots)
Stlth    ..........             (no amulet)
HPRegen  0.50/turn              (no ring)
MPRegen  0.10/turn              (no ring)

@: lethally poisoned (0 -> -3)
A: fangs 2, regeneration 1, magic shield, antimagic bite, no potion heal 3, rot
immunity
a: no special abilities


You were on level 4 of the Dungeon.
You were not hungry.

You visited 1 branch of the dungeon, and saw 4 of its levels.

You collected 170 gold pieces.
You spent 126 gold pieces at shops.

Inventory:

Hand Weapons
 a - a +0 war axe (weapon)
 l - a +3 club
Armour
 b - a +0 scale mail (worn)
 c - a +0 shield (worn)
 n - a +2 buckler
 s - a +1 cloak (worn)
 t - a +3 leather armour
Jewellery
 r - an uncursed amulet of magic regeneration {unknown}
Scrolls
 e - a scroll of teleportation
 g - 2 scrolls of remove curse {unknown}
 i - 2 scrolls of identify {unknown}
 j - 2 scrolls of amnesia
 m - a scroll of noise {unknown}
 o - a scroll of magic mapping {unknown}
 u - a scroll of enchant armour
Potions
 d - a potion of might
 h - a potion of degeneration
 k - a potion of ambrosia {unknown}
 p - a potion of berserk rage {unknown}
 q - a potion of curing
Comestibles
 f - 9 rations


   Skills:
 + Level 3.5 Fighting
 * Level 3.9 Axes
 + Level 3.2 Armour
 + Level 3.5 Shields


You had 5 spell levels left.
You didn't know any spells.
Your spell library was empty.

Dungeon Overview and Level Annotations

Branches:
Dungeon (4/15)
 Temple: D:4-7

Altars:
Vehumet

Shops:
D:4 ?

Annotations:
D:2 Sigmund
D:4 pyroka's ghost, amateur DsVM


Innate Abilities, Weirdness & Mutations

You have extremely sharp teeth.
Your natural rate of healing is unusually fast.
When hurt, damage is shared between your health and your magic reserves.
Your bite disrupts and absorbs the magic of your enemies.
Potions cannot restore your health.
You are immune to rotting.


Message History

Pyroka's ghost hits you. Pyroka's ghost burns you.
You closely miss pyroka's ghost.
Pyroka's ghost is severely damaged.
You feel sick.
Pyroka's ghost whispers, "There is no future for you."
Pyroka's ghost hits you.
* * * LOW HITPOINT WARNING * * *
Pyroka's ghost burns you.
* * * LOW HITPOINT WARNING * * *
Pyroka's ghost gestures at you while chanting.
The sting hits you!
You are more poisoned.
* * * LOW HITPOINT WARNING * * *
* * * LOW HITPOINT WARNING * * *
You feel sick. Pyroka's ghost casts a spell at you. The sting hits you!
You are lethally poisoned!
* * * LOW HITPOINT WARNING * * *
You die...

#############
..##........#
..##........#####
..''........+..>#
..##........##..#####
..##........##......#
.............W......#
.#############.###..#
.######## #....@#..#
........# #.#.###..#
#.......# #.#.# #..#
#.......# #.#.# #..#
##......####+#.# #..#
#......#.....)# #..#
#..#####....[)# #..#
##.# #......# #..#
#.##
#......###..##########


You could see pyroka's ghost.

Vanquished Creatures
  An orc priest (D:4)
  Jessica (D:2)
  2 worker ants (D:4)
  Terence (D:2)
  4 adders
  3 worms
  2 dart slugs
  2 leopard geckos
  4 orcs
  2 giant cockroaches (D:1)
  5 goblins
  17 hobgoblins
  3 jackals
  A quokka (D:3)
  12 bats
  8 frilled lizards
  9 kobolds
  5 rats
82 creatures vanquished.

Notes
Turn   | Place    | Note
-------+----------+-------------------------------------------
     0 | D:1      | iamserjio the Vine Stalker Fighter began the quest for the Orb.
     0 | D:1      | Reached XP level 1. HP: 11/11 MP: 2/2
    82 | D:1      | Reached XP level 2. HP: 15/16 MP: 3/3
   383 | D:1      | Reached XP level 3. HP: 12/19 MP: 4/4
  1069 | D:2      | Found a radiant altar of Vehumet.
  1172 | D:2      | Noticed Sigmund
  1419 | D:2      | Noticed Terence
  1432 | D:2      | Killed Terence
  1432 | D:2      | Gained mutation: Your natural rate of healing is unusually fast. [Vine Stalker growth]
  1432 | D:2      | Reached XP level 4. HP: 24/24 MP: 5/5
  1454 | D:2      | Noticed Jessica
  1458 | D:2      | Killed Jessica
  1460 | D:2      | Reached XP level 5. HP: 23/28 MP: 4/6
  3024 | D:4      | Found Asejilir's Magic Scroll Emporium.
  3028 | D:4      | Bought a scroll of teleportation for 36 gold pieces
  3028 | D:4      | Bought a scroll of enchant armour for 90 gold pieces
  3093 | D:4      | HP: 1/28 [poisoned by a worker ant]
  3342 | D:4      | Reached XP level 6. HP: 21/32 MP: 5/7
  3458 | D:4      | Noticed pyroka's ghost (amateur DsVM)
  3712 | D:4      | HP: 1/32 [pyroka's ghost/sting (1)]
  3713 | D:4      | Succumbed to pyroka's ghost's sting

Vault maps used:
D:1:      eino_arrival_water_star, st_stairs_8
D:2:      lemuel_crystal_altar, fedhas_altar_1, first_ration,
          guppyfry_early_lair_pool, uniq_jessica, uniq_sigmund, uniq_terence
D:4:      serial_shops, shop

Skill      XL: |  1  2  3  4 |
---------------+-------------+-----
Axes           | 2 3 |  3.9
Fighting       | 3 |  3.5
Shields        | 3 |  3.5
Armour         | 3 |  3.2

Action                   |  1- 3 |  4- 6 || total
-------------------------+-------+-------++-------
Melee: War axe           |   122 |   105 ||   227
       Bite              |    26 |    18 ||    44
  Use: Potion            |     1 |     1 ||     2
       Scroll            |       |     3 ||     3
  Eat: Chunk             |     2 |     7 ||     9
Armor: Scale mail        |    57 |    49 ||   106
Dodge: Dodged            |    52 |    35 ||    87
Block: Shield            |    84 |    40 ||   124

Table legend:
 A = Spawn XP
 B = Non-spawn XP
 C = Spawn XP percentage of total XP
 D = Spawn monster count
 E = Non-spawn monster count
 F = Spawn count percentage of total count
 G = Total turns spent on level
                    A         B        C        D         E        F      G
               +---------+---------+-------+---------+---------+-------+---------
         Total |       0 |     376 |   0.0 |       0 |      82 |   0.0 |  3713
               +---------+---------+-------+---------+---------+-------+---------
           D:1 |       0 |      55 |   0.0 |       0 |      33 |   0.0 |  1232
           D:2 |       0 |     120 |   0.0 |       0 |      20 |   0.0 |   766
           D:3 |       0 |      76 |   0.0 |       0 |      21 |   0.0 |  1280
           D:4 |       0 |     125 |   0.0 |       0 |       8 |   0.0 |   435
               +---------+---------+-------+---------+---------+-------+---------
